 Dungeon Crawl Stone Soup version 0.23.2-1-ga50397a (webtiles) character file.

Game seed: 10234422583228105569

846 artroxa the Ruffian (level 7, -5/67 HPs)
             Began as a Troll Berserker on May 20, 2019.
             Was a Priest of Trog.
             Slain by a centaur
             ... wielding a +0 rapier
              (10 damage)
             ... on level 6 of the Dungeon.
             The game lasted 00:11:24 (3238 turns).

artroxa the Ruffian (Troll Berserker)               Turns: 3238, Time: 00:11:25

Health: -5/67      AC:  6    Str: 27    XL:     7   Next: 68%
Magic:  6/6        EV: 11    Int:  3    God:    Trog [***...]
Gold:   298        SH:  0    Dex: 10    Spells: 6/6 levels left

rFire    . . .     SeeInvis +     - Unarmed
rCold    . . .     Gourm    +   (no shield)
rNeg     . . .     Faith    .   a - +0 animal skin
rPois    .         Spirit   .   (helmet restricted)
rElec    .         Reflect  .   (no cloak)
rCorr    .         Harm     .   (gloves unavailable)
MR       .....                  (boots unavailable)
Stlth    +.........             (no amulet)
HPRegen  0.61/turn              i - ring of see invisible
MPRegen  0.10/turn              (no ring)

@: no status effects
A: large, unfitting armour, claws 3, fast metabolism 3, gourmand, regeneration
1, shaggy fur 1, tough skin 3
a: Berserk, Trog's Hand, Renounce Religion


You were on level 6 of the Dungeon.
You worshipped Trog.
Trog was most pleased with you.
You were very full.

You visited 1 branch of the dungeon, and saw 6 of its levels.

You collected 298 gold pieces.

Inventory:

Armour
 a - a +0 animal skin (worn)
Jewellery
 i - a ring of see invisible (left claw)
Wands
 q - a wand of flame (23)
Scrolls
 f - a scroll of remove curse {unknown}
 g - 2 scrolls of teleportation {unknown}
 j - 3 scrolls of identify {unknown}
 o - a scroll of immolation {unknown}
 r - a scroll of fear {unknown}
Potions
 d - 3 potions of curing
 h - 2 potions of agility {unknown}
 k - a potion of might {unknown}
 l - a potion of degeneration {unknown}
 m - a potion of brilliance {unknown}
 n - a potion of flight {unknown}
 p - a potion of resistance {unknown}
Comestibles
 b - 8 rations
 s - 2 chunks of flesh


   Skills:
 + Level 3.5 Fighting
 + Level 4.5 Dodging
 + Level 0.9 Stealth
 + Level 7.0 Unarmed Combat


You had 6 spell levels left.
You didn't know any spells.
Your spell library was empty.

Dungeon Overview and Level Annotations

Branches:
Dungeon (6/15)
 Temple: D:4-7

Altars:
Hepliaklqana
Nemelex Xobeh
Ru
Wu Jian

Annotations:
D:6 Edmund


Innate Abilities, Weirdness & Mutations

You are too large for most types of armour.
You have claws for hands.
Your metabolism is lightning-fast.
You like to eat raw meat.
Your natural rate of healing is unusually fast.
You are covered in fur. (AC +1)
You have extremely tough skin. (AC +3)


Message History

Edmund barely misses you.
You closely miss Edmund.
Edmund is almost dead.
The centaur shoots an arrow.
The arrow hits you!
* * * LOW HITPOINT WARNING * * *
The centaur shoots an arrow.
The arrow hits you!
* * * LOW HITPOINT WARNING * * *
It was a potion of curing.
You feel better. Edmund misses you.
The centaur shoots an arrow.
The arrow hits you!
* * * LOW HITPOINT WARNING * * *
Okay, then.
As you read the scroll labeled NIADUGI LEVU RIPAR, it crumbles to dust.
You feel aware of your surroundings.
You sensed 1 shop/portal.
It was a scroll of magic mapping.
Edmund barely misses you.
As you read the scroll labeled TURYTW GUKKI, it crumbles to dust.
It is a scroll of enchant weapon.
You aren't carrying any weapons that can be enchanted.
The centaur unwields a +0 shortbow.
The centaur wields a +0 rapier.
The centaur hits you with a +0 rapier!
You die...

*,***,,,,,,,....####....#.#**,**
*,**,*,*,#.#.#,#.# ##.#.#...,,**
*,**,,,,,,....,..## #.#.#..##***
*,*,*,#.#c#.#.#.#.* #.#.#..# *
*,**,,.....c.....#* #.#.#..# *
*,**,*,#.#.#.#.#.* #.#.#,.# ###
*,**,,,,,.......#* #.#.#..###..
*,**,,#.#.#.#.#@#####...........
*,**,*.......(c@(..............#
*,**,*.#|#.#.#(#####.#..........
*,**,**,,,....## #...######.##
*,**,****#####* ##### #...
*,**,* #### *,**,* *,*,,* *,*,**
*,*,*


You could see Edmund and a centaur.

Vanquished Creatures
  Pikel (D:5)
  3 slaves (D:5)
  A water moccasin skeleton (D:6)
  A howler monkey (D:6)
  A bullfrog zombie (D:6)
  A jelly (D:5)
  A worker ant (D:6)
  A hound skeleton (D:6)
  3 gnolls (D:6)
  6 adders
  An adder skeleton (D:6)
  5 worms
  A dart slug (D:1)
  5 leopard geckos
  4 orcs
  7 giant cockroaches
  7 goblins
  7 hobgoblins
  4 jackals (D:4)
  3 quokkas
  9 bats
  3 frilled lizards (D:3)
  8 kobolds
  4 rats
  A bush (D:2)
  A plant (D:2)
89 creatures vanquished.

Notes
Turn   | Place    | Note
-------+----------+-------------------------------------------
     0 | D:1      | artroxa the Troll Berserker began the quest for the Orb.
     0 | D:1      | Reached XP level 1. HP: 22/22 MP: 0/0
   360 | D:1      | Reached XP level 2. HP: 18/29 MP: 1/1
   917 | D:2      | Found a sparkling altar of Nemelex Xobeh.
   917 | D:2      | Found a sacrificial altar of Ru.
   917 | D:2      | Found an ornate altar of the Wu Jian Council.
  1172 | D:2      | Reached XP level 3. HP: 31/36 MP: 2/2
  1249 | D:2      | Reached ** piety under Trog
  1466 | D:3      | Reached XP level 4. HP: 44/44 MP: 3/3
  1563 | D:3      | Reached skill level 4 in Unarmed Combat
  2093 | D:4      | Found a hazy altar of Hepliaklqana.
  2138 | D:4      | Reached *** piety under Trog
  2207 | D:4      | Reached XP level 5. HP: 52/52 MP: 4/4
  2713 | D:5      | Entered Level 5 of the Dungeon
  2846 | D:5      | Noticed a slave
  2847 | D:5      | Noticed a slave
  2848 | D:5      | Noticed a slave
  2849 | D:5      | Noticed Pikel
  2849 | D:5      | Noticed a slave
  2859 | D:5      | Killed a slave
  2860 | D:5      | Killed a slave
  2864 | D:5      | Killed a slave
  2867 | D:5      | Killed Pikel
  2867 | D:5      | Reached skill level 6 in Unarmed Combat
  2867 | D:5      | Reached XP level 6. HP: 39/61 MP: 5/5
  2867 | D:5      | Reached XP level 7. HP: 43/67 MP: 6/6
  3083 | D:6      | Found a hazy altar of Hepliaklqana.
  3156 | D:6      | Noticed Edmund
  3162 | D:6      | Reached skill level 7 in Unarmed Combat
  3238 | D:6      | Slain by a centaur

Skill      XL: |  1  2  3  4  5  6  7 |
---------------+----------------------+-----
Dodging        | 3 4 |  4.5
Unarmed Combat | 4 6 7 |  7.0
Fighting       | 3 |  3.5
Stealth        | |  0.9

Action                   |  1- 3 |  4- 6 |  7- 9 || total
-------------------------+-------+-------+-------++-------
Melee: Unarmed           |   136 |   107 |    46 ||   289
       Punch             |     3 |     1 |       ||     4
Invok: Berserk           |       |     2 |       ||     2
  Use: Scroll            |       |       |     2 ||     2
       Potion            |       |       |     1 ||     1
  Eat: Chunk             |     9 |     8 |     6 ||    23
       Ration            |     3 |     1 |       ||     4
Armor: Animal skin       |    47 |    91 |    22 ||   160
Dodge: Dodged            |    69 |    95 |    40 ||   204
